 Dungeon Crawl Stone Soup version 0.26-a0-812-g31a745ddcd (webtiles) character file.

Game seed: 1885967703816060237

50 mkm the Digger (level 3, -9/19 HPs)
             Began as a Gargoyle Earth Elementalist on Dec 6, 2020.
             Killed from afar by Jessica (10 damage)
             ... with a puff of flame
             ... on level 2 of the Dungeon.
             The game lasted 00:04:53 (2217 turns).

mkm the Digger (Gargoyle Earth Elementalist)        Turns: 2217, Time: 00:04:54

Health: -9/19      AC:  5    Str: 11    XL:     3   Next: 79%
Magic:  1/7        EV: 12    Int: 16    God:
Gold:   49         SH:  0    Dex: 10    Spells: 4/8 levels left

rFire    . . .     SeeInvis .   d - +0 dagger
rCold    . . .     Faith    .   (no shield)
rNeg     + . .     Spirit   .   c - +0 robe
rPois    ∞         Reflect  .   (no helmet)
rElec    +         Harm     .   (no cloak)
rCorr    .         Rampage  .   (no gloves)
MR       .....                  (no boots)
Stlth    ++........             (no amulet)
HPRegen  0.06/turn              (no ring)
MPRegen  0.10/turn              (no ring)

@: slowed, very slow
A: negative energy resistance 1, electricity resistance, unbreathing,
petrification resistance, rot immunity, AC +3
a: no special abilities


You were on level 2 of the Dungeon.
You visited 1 branch of the dungeon, and saw 2 of its levels.

You collected 49 gold pieces.

Inventory:

Hand Weapons
 a - a +0 club
 d - a +0 dagger (weapon)
Missiles
 b - 14 stones (quivered)
Armour
 c - a +0 robe (worn)
Scrolls
 g - 3 scrolls of remove curse {unknown}
 i - 4 scrolls of magic mapping {unknown}
 j - a scroll of blinking {unknown}
 k - a scroll of enchant weapon {unknown}
Potions
 e - a potion of berserk rage {unknown}
 h - a potion of degeneration {unknown}
 l - a potion of brilliance {unknown}


   Skills:
 - Level 1.5 Dodging
 - Level 2.1 Stealth
 + Level 3.0 Spellcasting
   Level 0.7 Transmutations
 + Level 4.7 Earth Magic


You had 4 spell levels left.
You knew the following spells:

 Your Spells              Type           Power        Failure   Level
a - Sandblast             Erth           ###...       2%          1
b - Stone Arrow           Conj/Erth      #.....       22%         3

Your spell library contained the following spells:

 Spells                   Type           Power        Failure   Level
 Passwall                 Tmut/Erth      ##......     10%         2
 Petrify                  Tmut/Erth      ##......     52%         4
 Lee's Rapid Deconstruct  Erth           ###.......   58%         5


Dungeon Overview and Level Annotations

Branches:
Dungeon (2/15)

Altars:

Annotations:
D:2 Jessica


Innate Abilities, Weirdness & Mutations

You are resistant to torment.
Your stone body is resilient. (AC +3)
You are immune to poison.
You resist negative energy. (rN+)
You are resistant to electric shocks. (rElec)
You can survive without breathing.
You are immune to petrification.
You are immune to rotting.


Message History

The puff of flame hits you.
Jessica zaps a wand.
The puff of flame hits you.
Casting: Stone Arrow (potentially lethal; 22% risk of failure)
Confirm with . or Enter, or press ? or * to list all spells.
Aiming: Sandblast (safe; 2% risk of failure)
Press: ? - help, Shift-Dir - straight line, f/p - Jessica
Aim: Jessica, wielding a +0 club, wearing a +0 robe and carrying a wand of flame (7)
The blast of sand hits Jessica!
Jessica is almost dead.
b - 14 stones A goblin comes into view. It is wielding a +0 rapier.
Jessica mumbles some strange words.
Jessica blinks!
You see here a +0 club.
Jessica zaps a wand.
The puff of flame hits you!
Ouch! That really hurt!
* * * LOW HITPOINT WARNING * * *
Jessica gestures wildly.
Jessica zaps a wand.
The puff of flame hits you!
Ouch! That really hurt!
You die...

.. .>..g #.#.##.#
#.##...# #.#.##.####
...... #.#.##.....
#######.@#######
#.#.######.
..........()...# #.#.####
#. #####...###@##
#.#....# #. #(..###.#
#.####.# #.
##...##.#######.# #.# #.
#######.).##.@.......#
#.# #.
####..........###########
#.###. ........g.....#
#.....# #...#.
#..........#..# #.....#
###.#. #..........#...#
#.....# #...
#..........#...###.....#
####
...........##.....<....#
#..........#.....#.....#
##^#...............?...#


You could see Jessica.

Vanquished Creatures
  Natasha (D:2)
  2 bats (D:1)
  5 goblins
  6 hobgoblins
  3 jackals (D:1)
  2 kobolds (D:1)
  2 rats (D:1)
21 creatures vanquished.

Notes
Turn   | Place    | Note
-------+----------+-------------------------------------------
     0 | D:1      | mkm the Gargoyle Earth Elementalist began the quest for the
                  | Orb.
     0 | D:1      | Reached XP level 1. HP: 10/10 MP: 3/3
   694 | D:1      | Reached skill level 4 in Earth Magic
   694 | D:1      | Reached XP level 2. HP: 15/15 MP: 5/5
  1702 | D:2      | Reached XP level 3. HP: 4/19 MP: 2/6
  1824 | D:2      | Noticed Jessica
  2106 | D:2      | Noticed Natasha
  2109 | D:2      | Killed Natasha
  2141 | D:1      | Learned a level 3 spell: Stone Arrow
  2217 | D:2      | Killed from afar by Jessica

Illustrated notes

Levels and vault maps discovered:
D:1:      lightli_arrival_boilingwater, layout_loops_ring,
          serial_co_window_serial, co_window_paths_b, co_window_corner_a,
          co_window_of_opportunity_a, co_window_corner_a,
          co_window_of_opportunity_a, co_window_paths_c, co_window_corner_b,
          co_window_of_opportunity_b, co_window_unsneaky_path_e,
          co_window_paths_e, co_window_4corner_a, glass_columns_b,
          glass_columns_c, minivault_19
D:2:      layout_basic, chequers_ecumenical_altar_simple, serial_bayou_pond_e,
          uniq_jessica, uniq_natasha

Skill      XL: |  1  2  3 |
---------------+----------+-----
Earth Magic    | 4 |  4.7
Spellcasting   | 3 |  3.0
Dodging        | |  1.5
Stealth        | |  2.1
Transmutations | |  0.7

Action                   || total
-------------------------++-------
Melee: Club              ||    14
       Dagger            ||    32
       Unarmed           ||     3
 Cast: Sandblast         ||    22
       Stone Arrow       ||     2
  Use: Potion            ||     1
Armor: Robe              ||    11
       Skin              ||     7
Dodge: Dodged            ||    55

Table legend: (Time is in decaauts)
 A = Elapsed time spent in this place.
 B = Non-inter-level travel time spent in this place.
 C = Inter-level travel time spent in this place.
 D = Time resting spent in this place.
 E = Time spent auto-exploring this place.
 F = Levels seen in this place.
 G = Mean time per level.
                   A        B        C        D        E       F      G
               +--------+--------+--------+--------+--------+-----+--------+
         Total |   2239 |   2214 |     25 |    830 |   1063 |   2 | 1119.5 |
       Dungeon |   2239 |   2214 |     25 |    830 |   1063 |   2 | 1119.5 |
               +--------+--------+--------+--------+--------+-----+--------+

Top non-repeatable levels by time:
     D:1: 1645 daAuts
     D:2: 594 daAuts
